 Dungeon Crawl Stone Soup version 0.29.1-14-g9c671dbff4 (webtiles) character file.

Game seed: 4317221593406876209

930 leafyfresh the Ducker (level 8, -4/50 HPs)
             Began as a Djinni Ice Elementalist on Feb 17, 2023.
             Slain by an iguana (6 damage)
             ... on level 5 of the Dungeon.
             The game lasted 00:09:30 (6787 turns).

leafyfresh the Ducker (Djinni Ice Elementalist)     Turns: 6787, Time: 00:09:31

Health: -4/50      AC:  5    Str:  7    XL:     8   Next: 32%
Gold:   210        EV: 15    Int: 19    God:
                   SH:  0    Dex: 14

rFire   + + .      SeeInvis .   x - +2 short sword (protect)
rCold   x . .      Faith    .   (no shield)
rNeg    . . .      Spirit   .   a - +0 robe
rPois   ∞          Reflect  .   (helmet restricted)
rElec   .          Harm     .   (no cloak)
rCorr   +          Rampage  .   q - +2 pair of gloves
Will    .....                   (boots unavailable)
Stlth   ++........              (no amulet)
HPRegen 0.16/turn               s - ring of resist corrosion
MPRegen 0.00/turn               (no ring)

@: mighty, about to teleport, flying, very slightly contaminated
A: sickness immunity, fire resistance 2, cold vulnerability 1, float, innate
caster, HP casting, extra vitality 1, horns 1, subdued magic 1
a: no special abilities


You were on level 5 of the Dungeon.
You visited 1 branch of the dungeon, and saw 5 of its levels.

You collected 210 gold pieces.

Inventory:

Hand Weapons
 g - a +0 short sword
 u - a +1 short sword of speed
 x - a +2 short sword of protection (weapon)
Missiles
 v - 3 atropa-tipped darts
 y - 2 throwing nets
Armour
 a - a +0 robe (worn)
 o - a +0 pair of gloves
 q - a +2 pair of gloves (worn)
Magical Staves
 h - a staff of poison
Jewellery
 s - a ring of resist corrosion (left hand)
Wands
 z - a wand of flame (16)
Scrolls
 b - 2 scrolls of magic mapping {unknown}
 c - 2 scrolls of identify
 e - 3 scrolls of teleportation
 j - a scroll of amnesia {unknown}
 l - a scroll of fear {unknown}
 m - a scroll of poison {unknown}
 n - 2 scrolls of immolation {unknown}
 p - a scroll of enchant armour {unknown}
 r - 3 scrolls of enchant weapon {unknown}
 t - a scroll of brand weapon {unknown}
 w - a scroll of vulnerability {unknown}
Potions
 k - 2 potions of might


   Skills:
 + Level 7.3 Dodging
 - Level 1.5 Stealth
 + Level 5.9 Spellcasting


You had one spell level left.
You knew the following spells:

 Your Spells              Type           Power      Damage    Failure   Level
a - Freeze                Ice            84%        1d10      1%          1
b - Frozen Ramparts       Ice            42%        1d7       2%          3
c - Ozocubu's Armour      Ice            21%        N/A       2%          3
d - Hailstorm             Conj/Ice       21%        3d6       8%          4
e - Slow                  Hex            84%        N/A       1%          1
f - Call Imp              Summ           21%        N/A       1%          2
g - Ignite Poison         Fire/Tmut/Pois 21%        N/A       2%          3
Your spell library was empty.

Dungeon Overview and Level Annotations

Branches:
Dungeon (5/15)
 Temple: D:4-7

Altars:
Makhleb
Qazlal
Xom

Shops:
D:4 (

Annotations:
D:5 Edmund


Innate Abilities, Weirdness & Mutations

You are immune to sickness and miasma.
You are immune to poison.
Your flesh is very heat resistant. (rF++)
You are vulnerable to cold. (rC-)
You float through the air rather than walking.
You learn spells naturally, not from books.
Your magical power is your life essence.
You have superior vitality. (+4 MHP)
You have a pair of small horns on your head.
Your spells are a little easier to cast, but a little less powerful.


Message History

The hail pelts the quokka.
You kill the quokka!
* * * LOW HITPOINT WARNING * * *
Your white imp gestures at the phantom.
The puff of frost hits the phantom.
The phantom resists.
The phantom barely misses your white imp.
The iguana bites you!
* * * LOW HITPOINT WARNING * * *
Unknown command.
Unknown command.
It was a potion of flight.
You feel more buoyant.
Your white imp barely misses the phantom.
The phantom closely misses your white imp.
The iguana misses you.
It was a potion of mutation.
You feel extremely strange.
Your connection to magic feels subdued.
A pair of horns grows on your head!
Your white imp gestures at the phantom.
The puff of frost hits the phantom.
The phantom resists.
The phantom barely misses your white imp.
The iguana closely misses you.
Unknown command.
As you read the scroll labelled OXTUNG CECATT, it crumbles to dust.
It is a scroll of identify.
e - 4 scrolls of teleportation The dart slug bites your white imp.
Your white imp gestures at the phantom.
The puff of frost hits the phantom.
The phantom resists.
The phantom hits your white imp.
Your white imp dies!
Your white imp disappears in a puff of smoke!
The iguana barely misses you.
As you read the scroll of teleportation, it crumbles to dust.
You feel strangely unstable.
The iguana bites you but does no damage.
Unknown command.
Your icy armour will break if you move.
Continue?
Your icy armour cracks and falls away as you move.
The iguana bites you.
You die...

#. ..# ...#
....#######
.....#.#..###
.......?@...####.
.#.#...@Wl#......
........†w.......
.#.#.#...§.†.......
..........†..##...
..#.#.#.#.....#### .#
#................##.#
#.#.#.#.#...#.....[..
##...........#........


You could see Edmund, a phantom, an iguana and a dart slug.

Vanquished Creatures
  Sigmund (D:4)
  2 scorpions (D:4)
  A necrophage (D:3)
  A hound (D:5)
  A gnoll bouda (D:4)
  Natasha (thrice) (D:4)
  4 iguanas
  2 scorpion zombies (D:4)
  Robin (D:4)
  5 gnolls (D:4)
  6 adders
  An adder skeleton (D:4)
  An adder zombie (D:4)
  5 worms
  6 orcs
  5 bats
  12 endoplasms
  9 giant cockroaches
  16 goblins
  10 hobgoblins
  7 kobolds
  2 quokkas
  7 ball pythons
  4 frilled lizards
  A quokka zombie (D:4)
  8 rats
121 creatures vanquished.

Vanquished Creatures (collateral kills)
  A scorpion (D:5)
  A goblin (D:4)
  2 hobgoblins (D:4)
4 creatures vanquished.

Vanquished Creatures (others)
  4 withered plants (D:4)
4 creatures vanquished.

Grand Total: 129 creatures vanquished

Notes
Turn   | Place    | Note
-------+----------+-------------------------------------------
     0 | D:1      | leafyfresh the Djinni Ice Elementalist began the quest for
                  | the Orb.
     0 | D:1      | leafyfresh set off with the following spells memorised:
                  | Freeze, Frozen Ramparts, Ozocubu's Armour, Hailstorm.
     0 | D:1      | Reached XP level 1. HP: 15/15 MP: 0/0
   703 | D:1      | Reached XP level 2. HP: 17/21 MP: 0/0
  1164 | D:1      | Reached skill level 3 in Dodging
  1164 | D:1      | Reached XP level 3. HP: 25/25 MP: 0/0
  1164 | D:1      | Learned a level 1 spell: Slow
  1757 | D:1      | Found a faded altar of an unknown god.
  2266 | D:2      | Reached XP level 4. HP: 27/31 MP: 0/0
  3410 | D:3      | Found a stormy altar of Qazlal.
  3573 | D:3      | Reached skill level 4 in Dodging
  3573 | D:3      | Reached XP level 5. HP: 27/35 MP: 0/0
  3573 | D:3      | Learned a level 2 spell: Call Imp
  4319 | D:3      | Found a burning altar of Makhleb.
  4371 | D:3      | Reached XP level 6. HP: 34/40 MP: 0/0
  4597 | D:4      | Noticed Sigmund
  4607 | D:4      | Killed Sigmund
  4608 | D:4      | Reached skill level 5 in Dodging
  4894 | D:4      | Reached XP level 7. HP: 24/45 MP: 0/0
  4894 | D:4      | Learned a level 3 spell: Ignite Poison
  5009 | D:4      | Reached skill level 5 in Spellcasting
  5218 | D:4      | Found Socatrow's Antique Weapon Shoppe.
  5236 | D:4      | Noticed Robin
  5243 | D:4      | Reached skill level 6 in Dodging
  5786 | D:4      | Noticed Natasha
  5795 | D:4      | Killed Natasha
  5956 | D:4      | Found a shimmering altar of Xom.
  6067 | D:4      | Reached XP level 8. HP: 41/50 MP: 0/0
  6169 | D:4      | Noticed Natasha
  6178 | D:4      | Killed Natasha
  6244 | D:4      | Killed Robin
  6490 | D:4      | Noticed Natasha
  6497 | D:4      | Killed Natasha
  6603 | D:4      | Reached skill level 7 in Dodging
  6672 | D:5      | Entered Level 5 of the Dungeon
  6781 | D:5      | Noticed Edmund
  6782 | D:5      | HP: 1/50 [iguana (7)]
  6784 | D:5      | Gained mutation: Your spells are a little easier to cast,
                  | but a little less powerful. [potion of mutation]
  6784 | D:5      | Gained mutation: You have a pair of small horns on your
                  | head. [potion of mutation]
  6787 | D:5      | Slain by an iguana

Illustrated notes

Levels and vault maps discovered:
D:1:      tarquinn_simple_flora_water_e, layout_loops_ring,
          dilly_ecumenical_altar_fadedgnrine
D:2:      layout_rooms
D:3:      layout_basic, grunt_qazlal_sundering, lemuel_round_altar,
          kennysheep_boxes
D:4:      layout_cave_pools, mainiacjoe_overflow_24_doors, serial_undead,
          serial_undead_a, serial_undead_d, serial_undead_b, serial_undead_b,
          serial_shops, kennysheep_mini_moat, uniq_natasha, uniq_robin,
          uniq_sigmund
D:5:      layout_cave_pools, gammafunk_temple_overflow_wave,
          minmay_temple_entry_stoned_glass, ebering_ghost_reflecting_pool,
          serial_glass, glass_columns_c, glass_columns_b, glass_columns_c,
          serial_shops, nicolae_shop_trees, uniq_edmund

Skill      XL: |  1  2  3  4  5  6  7  8 |
---------------+-------------------------+-----
Dodging        | 3 4 5 6 7 |  7.3
Spellcasting   | 4 5 |  5.9
Stealth        | |  1.5

Action                   |  1- 3 |  4- 6 |  7- 9 || total
-------------------------+-------+-------+-------++-------
Melee: Unarmed           |    17 |       |       ||    17
       Short sword       |    69 |   160 |   100 ||   329
       Punch             |     1 |     1 |     1 ||     3
 Cast: Freeze            |    22 |     9 |     9 ||    40
       Frozen Ramparts   |     3 |    11 |    15 ||    29
       Hailstorm         |       |     2 |    17 ||    19
       Ozocubu's Armour  |       |     3 |     5 ||     8
       Call Imp          |       |     2 |     5 ||     7
  Use: Potion            |       |       |     4 ||     4
       Scroll            |       |       |     2 ||     2
 Stab: Sleeping          |     3 |     4 |     1 ||     8
       Distracted        |       |     1 |     1 ||     2
Armor: Robe              |    32 |    37 |    17 ||    86
Dodge: Dodged            |    69 |   124 |    59 ||   252
